 Dungeon Crawl Stone Soup version 0.19.5 (webtiles) character file.

122 Jerry the Grasshopper (level 4, -7/37 HPs)
             Began as a Demigod Warper on May 1, 2017.
             Killed by nerve-wracking pain
             ... invoked by an orc priest
              (14 damage)
             ... on level 2 of the Dungeon.
             The game lasted 00:11:28 (3483 turns).

Jerry the Grasshopper (Demigod Warper)              Turns: 3483, Time: 00:11:29

Health: -7/37      AC:  7    Str: 16    XL:     4   Next: 50%
Magic:  9/9        EV: 11    Int: 17    God:
Gold:   116        SH:  0    Dex: 15    Spells: 2 memorised, 2 levels left

rFire  . . .     SeeInvis .     a - +0 hand axe
rCold  + . .     Gourm    .     q - +0 ring mail
rNeg   . . .     Faith    .     (no shield)
rPois  .         Spirit   .     p - +0 helmet
rElec  .         Reflect  .     (no cloak)
rCorr  .         Harm     .     (no gloves)
MR     .....                    k - +0 pair of boots
Stlth  +.........               (no amulet)
                                (no ring)
                                j - ring of protection from cold

@: no status effects
A: high mp 1
a: no special abilities


You were on level 2 of the Dungeon.
You were not hungry.

You visited 1 branch of the dungeon, and saw 3 of its levels.

You collected 116 gold pieces.

Inventory:

Hand Weapons
 a - a +0 hand axe (weapon)
Armour
 k - a +0 pair of boots (worn)
 p - a +0 helmet (worn)
 q - a +0 ring mail (worn)
Jewellery
 j - a ring of protection from cold (left hand)
Scrolls
 d - 2 scrolls of blinking
 l - a scroll of amnesia
 n - a scroll of enchant armour
 s - 2 scrolls of teleportation {unknown}
Potions
 h - a potion of invisibility
 r - a potion of berserk rage
Books
 c - a book of Spatial Translocations

   Spells                             Type                      Level
   a - Blink                          Translocation                2
   b - Shroud of Golubria             Charms/Translocation         2
   c - Lesser Beckoning               Translocation                3
   d - Portal Projectile              Translocation                3
   e - Teleport Other                 Translocation                3
   f - Passage of Golubria            Translocation                4
Comestibles
 b - a chunk of flesh
 f - a bread ration
 o - a beef jerky
 t - a meat ration


   Skills:
 + Level 2.6 Fighting
 * Level 2.9 Axes
 - Level 0.8 Throwing
 + Level 1.8 Armour
 - Level 1.7 Dodging
 + Level 2.0 Spellcasting
 + Level 3.3 Translocations


You had 2 spell levels left.
You knew the following spells:

 Your Spells              Type           Power        Failure   Level  Hunger
a - Blink                 Tloc           N/A          17%         2    ###....
b - Lesser Beckoning      Tloc           ##........   30%         3    ###....


Dungeon Overview and Level Annotations

Branches:
Dungeon (3/15)

Annotations:
D:2 Sigmund


Innate Abilities, Weirdness & Mutations

You have an increased reservoir of magic. (+10% MP)


Message History

The orc priest closely misses you.
You hit the orc priest but do no damage.
The orc priest is severely wounded.
The orc priest hits you with a hand axe.
You hit the orc priest.
The orc priest is almost dead.
The orc priest hits you with a hand axe.
You barely miss the orc priest.
The orc priest is almost dead.
The orc priest closely misses you.
You hit the orc priest but do no damage.
The orc priest is almost dead.
The orc priest mumbles some strange prayers to Beogh against you.
Beogh smites you!
* * * LOW HITPOINT WARNING * * *
You hit the orc priest but do no damage.
The orc priest is almost dead.
The orc priest invokes the aid of Beogh against you.
Pain shoots through your body!
You die...

#.................
#.#######.######## #.#
#.# #.# #.# #.# #.###
#.#######...#
#.#.........######
#o#.#####...##....
#@..........''....
########.#.#####...##....
#......#.#.#####...##....
##.##.##.#......#####....
#.##.........#.# #....
##.#####.######.# #####
#....# #.# #.# ####.# #.#
###.#### # #.###.#
#......# #


You could see an orc priest.

Vanquished Creatures
  A centaur zombie (D:3)
  2 adders
  A worm (D:2)
  5 dart slugs
  A leopard gecko (D:1)
  An orc (D:2)
  2 giant cockroaches
  8 goblins
  8 hobgoblins
  2 jackals (D:2)
  A quokka (D:2)
  8 bats
  4 frilled lizards
  7 kobolds
  9 rats
60 creatures vanquished.

Notes
Turn   | Place    | Note
-------+----------+-------------------------------------------
     0 | D:1      | Jerry the Demigod Warper began the quest for the Orb.
     0 | D:1      | Reached XP level 1. HP: 17/17 MP: 5/5
     7 | D:1      | Reached skill level 1 in Armour
   375 | D:1      | Reached XP level 2. HP: 24/24 MP: 7/7
   516 | D:1      | Learned a level 2 spell: Blink
  1550 | D:1      | Reached XP level 3. HP: 15/29 MP: 8/8
  1790 | D:2      | Reached skill level 3 in Translocations
  2039 | D:2      | Learned a level 3 spell: Lesser Beckoning
  2572 | D:2      | Noticed Sigmund
  3005 | D:3      | Reached XP level 4. HP: 37/37 MP: 9/9
  3483 | D:2      | Killed from afar by an orc priest

Skill      XL: |  1  2  3  4 |
---------------+-------------+-----
Armour         | 1 |  1.8
Axes           | 2 |  2.9
Fighting       | 2 |  2.6
Translocations | 3 |  3.3
Spellcasting   | 2 |  2.0
Throwing       | |  0.8
Dodging        | |  1.7

Action                   |  1- 3 |  4- 6 || total
-------------------------+-------+-------++-------
Melee: Hand axe          |   189 |    55 ||   244
Throw: Tomahawk          |     5 |       ||     5
  Use: Scroll            |       |     6 ||     6
 Stab: Sleeping          |     1 |       ||     1
  Eat: Chunk             |     7 |     1 ||     8
Armor: Leather armour    |    25 |       ||    25
       Ring mail         |    41 |    23 ||    64
Dodge: Dodged            |   129 |    31 ||   160
